 Dungeon Crawl Stone Soup version 0.21-a0-552-g593960d (webtiles) character file.

70 slep the Chopper (level 4, -11/33 HPs)
             Began as a Demonspawn Gladiator on Dec 17, 2017.
             Was an Initiate of Okawaru.
             Mangled by Sigmund
             ... wielding a +2 scythe of protection
              (14 damage)
             ... on level 3 of the Dungeon.
             The game lasted 00:04:34 (1226 turns).

slep the Chopper (Demonspawn Gladiator)             Turns: 1226, Time: 00:04:38

Health: -11/33     AC:  6    Str: 15    XL:     4   Next: 4%
Magic:  4/4        EV: 13    Int: 15    God:    Okawaru [......]
Gold:   187        SH:  0    Dex: 14    Spells: 3/3 levels left

rFire    . . .     SeeInvis .   a - +0 war axe
rCold    . . .     Gourm    .   (no shield)
rNeg     . . .     Faith    .   b - +0 leather armour
rPois    .         Spirit   .   c - +0 helmet
rElec    .         Reflect  .   (no cloak)
rCorr    .         Harm     .   (no gloves)
MR       .....                  j - +1 pair of boots
Stlth    +.........             e - amulet of magic regeneration (curse)
HPRegen  0.11/turn              (no ring)
MPRegen  0.34/turn              (no ring)

@: brilliant
A: spiny 1, rot immunity
a: Renounce Religion


You were on level 3 of the Dungeon.
You worshipped Okawaru.
Okawaru was noncommittal.
You were not hungry.

You visited 1 branch of the dungeon, and saw 3 of its levels.

You collected 187 gold pieces.

Inventory:

Hand Weapons
 a - a +0 war axe (weapon)
Missiles
 d - 3 throwing nets (quivered)
 r - 15 poisoned needles
 s - 6 steel javelins
Armour
 b - a +0 leather armour (worn)
 c - a +0 helmet (worn)
 j - a +1 pair of boots (worn)
Jewellery
 e - a cursed amulet of magic regeneration (around neck)
Scrolls
 g - 3 scrolls of amnesia {unknown}
 m - a scroll of identify {unknown}
 o - a scroll of noise {unknown}
Potions
 i - a potion of magic
Comestibles
 f - 2 bread rations
 l - 2 meat rations
 n - 4 fruits


   Skills:
 + Level 2.2 Fighting
 + Level 3.4 Axes
 + Level 2.0 Throwing
 + Level 0.9 Armour
 + Level 3.3 Dodging
 + Level 0.3 Stealth


You had 3 spell levels left.
You didn't know any spells.

Dungeon Overview and Level Annotations

Branches:
Dungeon (3/15)

Altars:
Ashenzari
Kikubaaqudgha
Nemelex Xobeh
Okawaru
Ru
Trog
Vehumet
Xom

Annotations:
D:3 Sigmund


Innate Abilities, Weirdness & Mutations

You are partially covered in sharp spines.
You are immune to rotting.


Message History

* * * LOW HITPOINT WARNING * * *
You closely miss Sigmund.
Sigmund is heavily wounded.
Sigmund casts a spell.
Sigmund flickers and vanishes!
Deactivating autopickup; reactivate with Ctrl-A.
You hit something. Something hits you but does no damage.
You completely miss something.
You hear some strange, mumbled words.
A magic dart appears from out of thin air!
The magic dart hits you! Something hits you.
* * * LOW HITPOINT WARNING * * *
You miss something. You hit something.
You feel less wooden.
Your +0 helmet unmelds from your body.
Your +1 pair of boots unmelds from your body.
Your +0 leather armour unmelds from your body.
Something hits you!
You die...

# ####)......# #.
..##.....#.#
##.##.##<.##.#
###.....###.# ..
#.+.....#...# . ### #.#
...#.###
....###.#####.#.##
.....>...........##
....#.#@####.##...#
!......{...#.##.#.######
....................(...
.....###.#.##.#.#.##...#
##### .#....#.#..#...#
...####.##.##### ##. #.#
.. . #. #. # ..


There were no monsters in sight!

Vanquished Creatures
  2 adders (D:2)
  A dart slug (D:1)
  4 worms (D:2)
  A leopard gecko (D:1)
  2 orcs (D:3)
  2 giant cockroaches
  4 goblins (D:1)
  3 hobgoblins (D:1)
  A quokka (D:2)
  5 bats (D:1)
  A frilled lizard (D:2)
  5 kobolds
  6 rats
37 creatures vanquished.

Notes
Turn   | Place    | Note
-------+----------+-------------------------------------------
     0 | D:1      | slep the Demonspawn Gladiator began the quest for the Orb.
     0 | D:1      | Reached XP level 1. HP: 16/16 MP: 1/1
   120 | D:1      | Gained mutation: You are immune to rotting. [demonic ancestry]
   120 | D:1      | Reached XP level 2. HP: 19/22 MP: 2/2
   184 | D:1      | Found a sparkling altar of Nemelex Xobeh.
   692 | D:2      | Gained mutation: You are partially covered in sharp spines. [demonic ancestry]
   692 | D:2      | Reached XP level 3. HP: 27/27 MP: 3/3
   949 | D:2      | Found a bloodstained altar of Trog.
   950 | D:2      | Found a shattered altar of Ashenzari.
   950 | D:2      | Found a radiant altar of Vehumet.
   950 | D:2      | Found an iron altar of Okawaru.
   956 | D:2      | Found a shimmering altar of Xom.
   958 | D:2      | Became a worshipper of Warmaster Okawaru
   964 | D:2      | Found an ancient bone altar of Kikubaaqudgha.
  1110 | D:2      | Found a sacrificial altar of Ru.
  1160 | D:3      | Reached XP level 4. HP: 31/33 MP: 4/4
  1193 | D:3      | Noticed Sigmund
  1226 | D:3      | Mangled by Sigmund

Vault maps used:
D:1:      nzn_arrival_crosshair, grunt_decor_arrowhead,
          nemelex_xobeh_ov_fountains_minmay
D:2:      minmay_overflow_temple_hex, nicolae_ru_path_of_blood
D:3:      first_bread, uniq_sigmund

Skill      XL: |  1  2 |
---------------+-------+-----
Dodging        | 3 |  3.3
Throwing       | 2 |  2.0
Axes           | 3 |  3.4
Fighting       | |  2.2
Armour         | |  0.9
Stealth        | |  0.3

Action                   |  1- 3 |  4- 6 || total
-------------------------+-------+-------++-------
Melee: War axe           |    98 |    19 ||   117
  Use: Potion            |       |     4 ||     4
 Stab: Sleeping          |     3 |       ||     3
  Eat: Chunk             |     1 |       ||     1
Armor: Leather armour    |    36 |     1 ||    37
       Skin              |       |     9 ||     9
Dodge: Dodged            |    84 |     5 ||    89

Table legend:
 A = Spawn XP
 B = Non-spawn XP
 C = Spawn XP percentage of total XP
 D = Spawn monster count
 E = Non-spawn monster count
 F = Spawn count percentage of total count
 G = Total turns spent on level
                    A         B        C        D         E        F      G
               +---------+---------+-------+---------+---------+-------+---------
         Total |       0 |     101 |   0.0 |       0 |      37 |   0.0 |  1226
               +---------+---------+-------+---------+---------+-------+---------
           D:1 |       0 |      38 |   0.0 |       0 |      21 |   0.0 |   684
           D:2 |       0 |      57 |   0.0 |       0 |      14 |   0.0 |   471
           D:3 |       0 |       6 |   0.0 |       0 |       2 |   0.0 |    71
               +---------+---------+-------+---------+---------+-------+---------
